 Dungeon Crawl Stone Soup version 0.29.1-2-gbd0b4ee654 (webtiles) character file.

Game seed: 1990003849048138634

81 whiskeysaurus the Conjurer (level 4, 0/33 HPs)
             Began as a Draconian Conjurer on Nov 20, 2022.
             Slain by a gnoll
             ... wielding a +0 halberd
              (9 damage)
             ... on level 3 of the Dungeon.
             The game lasted 00:03:22 (2763 turns).

whiskeysaurus the Conjurer (Draconian Conjurer)     Turns: 2763, Time: 00:03:22

Health: 0/33       AC:  5    Str:  9    XL:     4   Next: 19%
Magic:  1/7        EV: 12    Int: 20    God:
Gold:   125        SH:  0    Dex: 10    Spells: 7/8 levels left

rFire   + . .      SeeInvis .   o - +8 dagger of the Undead {vamp, rF+ rN+ Stlth+}
rCold   . . .      Faith    .   (no shield)
rNeg    + . .      Spirit   .   (body armour unavailable)
rPois   .          Reflect  .   (helmet restricted)
rElec   .          Harm     .   (no cloak)
rCorr   .          Rampage  .   (no gloves)
Will    .....                   (no boots)
Stlth   +++.......              (no amulet)
HPRegen 0.11/turn               (no ring)
MPRegen 0.10/turn               (no ring)

@: no status effects
A: AC +5, unfitting armour, cold-blooded
a: no special abilities


You were on level 3 of the Dungeon.
You visited 1 branch of the dungeon, and saw 3 of its levels.

You collected 125 gold pieces.

Inventory:

Hand Weapons
 a - a +1 dagger of speed
 o - the +8 dagger of the Undead (weapon) {vamp, rF+ rN+ Stlth+}
   (You found it on level 2 of the Dungeon)

   It occasionally heals its wielder for a portion of the damage dealt when it
   wounds a living foe.
   rF:        It protects you from fire.
   rN:        It protects you from negative energy.
   Stlth:     It makes you more stealthy.
Jewellery
 m - an amulet of reflection
Wands
 n - a wand of paralysis (11)
Scrolls
 b - a scroll of brand weapon {unknown}
 g - a scroll of immolation {unknown}
 h - 2 scrolls of enchant armour {unknown}
 i - a scroll of butterflies {unknown}
 j - a scroll of noise {unknown}
 r - a scroll of poison {unknown}
 s - a scroll of teleportation {unknown}
Potions
 c - 4 potions of might {unknown}
 d - a potion of flight {unknown}
 e - 4 potions of brilliance {unknown}
 f - 3 potions of curing {unknown}
 k - a potion of invisibility {unknown}
 l - a potion of magic
 p - a potion of haste {unknown}
 q - a potion of heal wounds {unknown}


   Skills:
 + Level 0.2 Fighting
 + Level 0.1 Short Blades
 + Level 2.5 Dodging
 + Level 2.5 Stealth
 + Level 2.6 Spellcasting
 + Level 4.5 Conjurations


You had 7 spell levels left.
You knew the following spells:

 Your Spells              Type           Power      Damage    Failure   Level
a - Magic Dart            Conj           80%        1d7       2%          1

Your spell library contained the following spells:

 Spells                   Type           Power      Damage    Failure   Level
 Searing Ray              Conj           40%        2d5       3%          2
 Sandblast                Erth           4%         2d4       16%         1
 Dazzling Flash           Conj/Hex       22%        N/A       19%         3
 Stone Arrow              Conj/Erth      22%        3d8       19%         3
 Passwall                 Tmut/Erth      1%         N/A       22%         2
 Fulminant Prism          Conj/Hex       5%         3d7       52%         4
 Iskenderun's Mystic Bla  Conj/Tloc      11%        2d4       52%         4


Dungeon Overview and Level Annotations

Branches:
Dungeon (3/15)

Altars:
Kikubaaqudgha


Innate Abilities, Weirdness & Mutations

Your plain brown scales are hard. (AC +5)
You cannot fit into any form of body armour.
You are cold-blooded and may be slowed by cold attacks.


Message History

The gnoll is lightly wounded.
The magic dart hits the gnoll.
The gnoll is heavily wounded.
The gnoll closely misses you. The gnoll barely misses you.
You are out of magic!
You are out of magic!
You are out of magic!
You are out of magic!
You are out of magic!
You are out of magic!
You are out of magic!
You are out of magic!
You are out of magic!
You are out of magic!
You are out of magic!
You puncture the gnoll!
You kill the gnoll!
The gnoll hits you from afar with a +0 spear.
The gnoll hits you from afar with a +0 halberd!
Found a stone staircase leading up.
The gnoll hits you with a +0 spear. The gnoll hits you with a +0 halberd.
The gnoll hits you from afar with a +0 spear.
* * * LOW HITPOINT WARNING * * *
You see here a scroll labelled IQIOWO NAUMIEG.
You are too injured to fight recklessly!
You are too injured to fight recklessly!
You are too injured to fight recklessly!
You are too injured to fight recklessly!
You are too injured to fight recklessly!
You are too injured to fight recklessly!
You are too injured to fight recklessly!
You are too injured to fight recklessly!
You are too injured to fight recklessly!
You are too injured to fight recklessly!
You are too injured to fight recklessly!
You are too injured to fight recklessly!
You are too injured to fight recklessly!
The gnoll attacks as you move away! The gnoll closely misses you. x2
The gnoll hits you from afar with a +0 halberd!
You die...

..........
#.#........... #.#
..........
#.#<..........
#.#.#......... #.#
.g........ .. #.#
#gg.......
....###.###?........
...........)@######
....###.####.# . #.#
#.# #.# #.# #.###..#
# ######......# .
.........###.# #
########.###.#
#......#


You could see 3 gnolls.

Vanquished Creatures
  Jessica (D:2)
  A gnoll (D:3)
  An endoplasm (D:1)
  4 goblins
  7 hobgoblins
  2 jackals (D:1)
  7 kobolds
  3 quokkas
  6 ball pythons
  4 bats
  2 frilled lizards
  5 rats
43 creatures vanquished.

Notes
Turn   | Place    | Note
-------+----------+-------------------------------------------
     0 | D:1      | whiskeysaurus the Draconian Conjurer began the quest for
                  | the Orb.
     0 | D:1      | Reached XP level 1. HP: 14/14 MP: 3/3
   592 | D:1      | Reached XP level 2. HP: 20/20 MP: 1/5
  1299 | D:1      | Reached XP level 3. HP: 26/26 MP: 1/6
  1593 | D:2      | Noticed Jessica
  1602 | D:2      | Killed Jessica
  2091 | D:2      | Found an ancient bone altar of Kikubaaqudgha.
  2236 | D:2      | Identified the +8 dagger of the Undead {vamp, rF+ rN+
                  | Stlth+}
  2646 | D:3      | Reached XP level 4. HP: 33/33 MP: 5/7
  2763 | D:3      | Slain by a gnoll

Illustrated notes

Levels and vault maps discovered:
D:1:      psy_arrival_basics, layout_loops_ring
D:2:      layout_loops_cross, basic_altar, minmay_cut_off, uniq_jessica
D:3:      layout_basic

Skill      XL: |  1 |
---------------+----+-----
Stealth        | 2 |  2.5
Dodging        | 2 |  2.5
Fighting       | |  0.2
Short Blades   | |  0.1
Spellcasting   | |  2.6
Conjurations   | |  4.5

Action                   |  1- 3 |  4- 6 || total
-------------------------+-------+-------++-------
Melee: Unarmed           |    60 |       ||    60
       Tailslap          |     7 |       ||     7
       Punch             |     1 |       ||     1
       Dagger            |     1 |     1 ||     2
 Cast: Magic Dart        |    62 |     9 ||    71
  Use: Potion            |     1 |       ||     1
Armor: Skin              |    15 |     2 ||    17
Dodge: Dodged            |    49 |     4 ||    53
